 Dungeon Crawl Stone Soup version 0.16-a0-249-g5922f4d (webtiles) character file.

3619 Gorice the Thaumaturge (level 9, 0/44 (45) HPs)
             Began as a Deep Elf Ice Elementalist on Aug 22, 2014.
             Was an Elder of Sif Muna.
             Killed from afar by a deep elf fighter (18 damage)
             ... with a puff of flame
             ... on Level 8 of the Dungeon.
             The game lasted 01:38:52 (10954 turns).

Gorice the Thaumaturge (Deep Elf Ice Elementalist) Turns: 10954, Time: 01:38:52

HP   0/44 (45)   AC  5     Str  5      XL: 9   Next: 86%
MP  29/29        EV 12     Int 24      God: Sif Muna [****..]
Gold 382         SH  3     Dex 15      Spells:  5 memorised, 12 levels left

rFire  x . .     SeeInvis .     B - +0 blowgun
rCold  + . .     Clarity  .     P - +1 robe {MR+}
rNeg   . . .     rCorr    +     H - +0 buckler
rPois  .         rRot     .     S - +0 helmet
rElec  .         Spirit   .     (no cloak)
SustAb .         Warding  .     (no gloves)
rMut   .         Stasis   .     T - +0 pair of boots
Gourm  .                        t - amulet of resist corrosion
MR     ++...                    G - ring of protection from magic
                                F - ring of ice

@: very resistant to hostile enchantments, unstealthy
A: no striking features
a: Channel Energy, Forget Spell, Renounce Religion


You were on level 8 of the Dungeon.
You worshipped Sif Muna.
Sif Muna was greatly pleased with you.
You were not hungry.

You visited 2 branches of the dungeon, and saw 9 of its levels.
You also visited: Sewer.

You collected 382 gold pieces.

Inventory:

Hand weapons
 a - a +2 dagger of venom
 b - a +0 hunting sling
 p - a +1 dagger of protection
 A - a +0 cutlass
 B - a +0 blowgun (weapon)
 D - a +0 shortbow
 M - a +0 dagger of venom
 Q - a +2 halberd
 R - a +0 dagger of holy wrath
Missiles
 d - 148 arrows
 f - 7 needles of slowing
 q - 40 poisoned needles (quivered)
 v - 30 sling bullets
 Z - 161 stones
Armour
 H - a +0 buckler (worn)
 P - a +1 robe of magic resistance (worn)
 S - a +0 helmet (worn)
 T - a +0 pair of boots (worn)
 V - a +0 ring mail of fire resistance
 Y - a +1 leather armour of magic resistance
Magical devices
 e - a wand of disintegration (4)
 j - a wand of flame (4)
 m - a wand of magic darts (12)
 y - a wand of paralysis (12)
 E - a wand of fire (3)
 K - a wand of disintegration (12)
 N - a wand of disintegration (5)
Comestibles
 c - 10 bread rations
 w - 6 fruits
 C - 5 chunks of centaur flesh
 U - a rotting chunk of crocodile flesh
 W - a chunk of rat flesh
 X - a chunk of bat flesh
Scrolls
 h - 2 scrolls of teleportation
 r - a scroll of amnesia
 u - a scroll of fear
 x - a scroll of remove curse
 I - a scroll of magic mapping
 O - a scroll of acquirement {unknown}
Jewellery
 t - an amulet of resist corrosion (around neck)
 F - a ring of ice (left hand)
 G - a ring of protection from magic (right hand)
Potions
 g - 2 potions of curing
 i - a potion of resistance
 k - a potion of cancellation {unknown}
 l - 2 potions of heal wounds
 n - a potion of cure mutation {unknown}
 o - a potion of degeneration {unknown}
 z - 2 potions of restore abilities {unknown}
 J - a potion of magic {unknown}
 L - 2 potions of confusion {unknown}
Books
 s - a book of Frost

   Spells                             Type                      Level
   *Freeze                            Ice                          1
   *Throw Frost                       Conjuration/Ice              2
   *Ozocubu's Armour                  Charms/Ice                   3
   *Throw Icicle                      Conjuration/Ice              4
   *Summon Ice Beast                  Ice/Summoning                4
   Condensation Shield                Ice                          4


   Skills:
 - Level 2.4 Dodging
 - Level 2.4 Stealth
 + Level 9.4 Spellcasting
 + Level 9.2 Conjurations
 - Level 3.0 Charms
 * Level 3.7 Summonings
 + Level 9.4 Ice Magic


You had 12 spell levels left.
You knew the following spells:

 Your Spells              Type           Power        Failure   Level  Hunger
a - Freeze                Ice            ####         1%          1    None
b - Throw Frost           Conj/Ice       ######       1%          2    None
c - Ozocubu's Armour      Chrm/Ice       ######..     1%          3    None
d - Throw Icicle          Conj/Ice       ######..     1%          4    ##.....
e - Summon Ice Beast      Ice/Summ       ######..     6%          4    ##.....


Dungeon Overview and Level Annotations

Branches:
Dungeon (8/15)             Temple (1/1) D:6            Lair (0/8) D:8

Altars:
Ashenzari
Cheibriados
Dithmenos
Elyvilon
Fedhas
Gozag
Kikubaaqudgha
Makhleb
Nemelex Xobeh
Okawaru
Qazlal
Sif Muna
Trog
Vehumet
Xom
Yredelemnul
Zin
The Shining One
Beogh

Shops:
D:4 %

Annotations:
D:2 Sigmund
D:5 Duvessa


Message History

Confirm with . or Enter, or press ? or * to list all spells.
You can't see any susceptible monsters within range! (Use Z to cast anyway.)
The deep elf fighter casts a spell at you.
The magic dart hits you!
Wield which item (- for none, * to show all)? (? for menu, Esc to quit)
B - a +0 blowgun (weapon)
The deep elf fighter gestures at you while chanting.
The puff of flame hits you! The fire burns you terribly!
Firing (i - inventory. (,) - cycle):
q - 41 poisoned needles (quivered)
Press: ? - help, Shift-Dir - straight line, f/p - deep elf fighter
Aim: a deep elf fighter, wielding a scimitar and wearing a scale mail You shoot a poisoned needle.
The poisoned needle hits the deep elf fighter.
The deep elf fighter is poisoned.
Casting: Freeze
Confirm with . or Enter, or press ? or * to list all spells.
You can't see any susceptible monsters within range! (Use Z to cast anyway.)
The deep elf fighter points at you and mumbles some strange words.
The puff of flame hits you! The fire burns you terribly!
You die...

..#............
#.#######.#####
#######'#######...... ..
#.........#........##
...#.........#........#
..............#........#
..............#........##
..............#........#.
#.###...@..............#.
###....P...............
...P.P........####......
......P.P.P...# #......
...P.P..PP.P..# #......
.P.P.P.P...P.## #......
.PP..##'#..P...# #......
.....P#[e#..P...# #......
..PP..#>(#P.P...# #...)..


You could see a deep elf fighter.

Vanquished Creatures
  A yak (D:8)
  A spriggan (D:7)
  Eustachio (D:8)
  A steam dragon (D:4)
  A hungry ghost (D:7)
  Edmund (D:4)
  A black bear (D:7)
  A phantom (D:7)
  2 orc warriors (D:8)
  2 ice beasts (D:8)
  A necrophage (D:7)
  3 ogres
  2 crocodiles (D:8)
  2 sky beasts (D:8)
  2 centaurs
  2 giant frogs (D:7)
  A gnoll sergeant (D:6)
  The ghost of inmateoo the Chopper, a weakling HOGl (D:3)
  An eye of draining (D:8)
  5 wights
  2 crimson imps
  2 orc priests
  Dowan (D:5)
  3 hounds
  3 orc wizards (D:8)
  A centaur skeleton (D:6)
  2 iguanas
  A worker ant (D:4)
  Ijyb (D:4)
  2 hound zombies (D:8)
  2 sky beast zombies (D:6)
  4 gnolls
  8 adders
  A green rat (D:3)
  2 shadow imps
  A giant mite (D:1)
  2 worms
  2 adder zombies
  An orc skeleton (D:4)
  5 giant geckos
  An ooze (D:3)
  32 orcs
  23 bats
  A bat zombie (D:6)
  8 goblins
  20 hobgoblins
  10 jackals
  A quokka (D:8)
  4 ball pythons
  7 giant cockroaches
  9 giant newts
  23 kobolds
  A kobold zombie (D:5)
  An orc zombie (D:8)
  18 rats
  A rat zombie (D:8)
  3 plants (Sewer)
241 creatures vanquished.

Vanquished Creatures (others)
  A fungus (D:8)
  A plant (D:8)
2 creatures vanquished.

Grand Total: 243 creatures vanquished

Notes
Turn   | Place    | Note
--------------------------------------------------------------
     0 | D:1      | Gorice, the Deep Elf Ice Elementalist, began the quest for the Orb.
     0 | D:1      | Reached XP level 1. HP: 10/10 MP: 5/5
   177 | D:1      | Reached XP level 2. HP: 13/15 MP: 4/8
   586 | D:1      | Reached skill level 4 in Ice Magic
   959 | D:1      | Reached XP level 3. HP: 17/19 MP: 5/11
  1104 | D:1      | Learned a level 2 spell: Throw Frost
  1588 | D:2      | Reached XP level 4. HP: 24/24 MP: 12/15
  1703 | D:2      | Noticed Sigmund
  1895 | D:3      | Noticed inmateoo's ghost (weakling HOGl)
  1902 | D:3      | Killed inmateoo's ghost
  2243 | D:3      | Reached XP level 5. HP: 28/28 MP: 18/18
  2435 | D:3      | Found a glowing drain.
  2458 | Sewer    | Entered a sewer
  2657 | Sewer    | Reached skill level 5 in Ice Magic
  3273 | Sewer    | Reached skill level 5 in Spellcasting
  3846 | D:3      | Learned a level 3 spell: Ozocubu's Armour
  3935 | D:4      | Found Sasaet's Food Boutique.
  4013 | D:4      | Noticed an ogre
  4045 | D:4      | Killed an ogre
  4045 | D:4      | Reached XP level 6. HP: 24/32 MP: 14/21
  4109 | D:4      | Noticed Edmund
  4131 | D:4      | Killed Edmund
  4395 | D:4      | Noticed Ijyb
  4413 | D:4      | Killed Ijyb
  4413 | D:4      | Reached skill level 6 in Spellcasting
  4488 | D:4      | Found a glowing golden altar of the Shining One.
  4609 | D:4      | Found a stormy altar of Qazlal.
  4660 | D:4      | Noticed a steam dragon
  4720 | D:3      | Learned a level 4 spell: Throw Icicle
  4903 | D:4      | Killed a steam dragon
  4903 | D:4      | Reached skill level 5 in Conjurations
  4903 | D:4      | Reached XP level 7. HP: 11/36 MP: 5/24
  4969 | D:4      | Found a snail-covered altar of Cheibriados.
  5109 | D:5      | Entered Level 5 of the Dungeon
  5710 | D:5      | Noticed Dowan
  5726 | D:5      | Killed Dowan
  5965 | D:5      | Noticed Duvessa
  6343 | D:6      | Found an iron altar of Okawaru.
  6849 | D:6      | Found a staircase to the Ecumenical Temple.
  6861 | Temple   | Entered the Ecumenical Temple
  6938 | Temple   | Became a worshipper of Sif Muna the Loreminder
  7209 | D:6      | Reached skill level 7 in Spellcasting
  7669 | D:7      | Reached XP level 8. HP: 41/41 MP: 23/26
  7874 | D:7      | Noticed a spriggan baker
  7881 | D:7      | HP: 2/41 [spriggan baker/dagger (15)]
  7883 | D:7      | Killed a spriggan baker
  7883 | D:7      | Acquired Sif Muna's first power
  8179 | D:7      | Found an ancient bone altar of Kikubaaqudgha.
  8202 | D:7      | Found a radiant altar of Vehumet.
  8288 | D:7      | Reached skill level 8 in Spellcasting
  8964 | D:8      | Acquired Sif Muna's second power
  9098 | D:8      | Found a bloodstained altar of Trog.
  9103 | D:8      | Noticed Eustachio
  9129 | D:7      | Reached XP level 9. HP: 8/44 MP: 20/29
  9175 | D:7      | Learned a level 4 spell: Summon Ice Beast
  9831 | D:8      | Reached skill level 1 in Charms
  9950 | D:8      | Reached skill level 1 in Summonings
  9950 | D:8      | Reached skill level 9 in Ice Magic
 10436 | D:8      | Found a roughly hewn altar of Beogh.
 10889 | D:8      | Killed Eustachio
 10889 | D:8      | Acquired Sif Muna's third power
 10938 | D:8      | Found a staircase to the Lair.
 10954 | D:8      | Killed from afar by a deep elf fighter

Action                   |  1- 3 |  4- 6 |  7- 9 || total
-------------------------+-------+-------+-------++-------
Melee: Short sword       |     1 |       |       ||     1
       Dagger            |       |   103 |   110 ||   213
       Cutlass           |       |   206 |    49 ||   255
 Fire: Hunting sling     |       |    33 |   103 ||   136
       Blowgun           |       |       |    80 ||    80
Throw: Stone             |   122 |    54 |     1 ||   177
 Cast: Freeze            |    50 |    45 |    71 ||   166
       Throw Frost       |     1 |    25 |    19 ||    45
       Ozocubu's Armour  |       |     3 |     5 ||     8
       Throw Icicle      |       |     3 |    41 ||    44
Evoke: Wand              |       |     1 |    15 ||    16
  Use: Scroll            |     2 |     8 |    10 ||    20
       Potion            |       |     1 |     3 ||     4
 Stab: Sleeping          |     1 |     1 |     7 ||     9
       Distracted        |       |       |     2 ||     2
  Eat: Chunk             |     2 |    10 |    13 ||    25
       Bread ration      |       |       |     2 ||     2
       Beef jerky        |       |       |     1 ||     1
